Stars vs Blue Jackets
Created - 19 décembre 2014 at 20:16
Goals
|
| Stars |
0 |
1 |
2 |
3 |
| Blue Jackets |
1 |
1 |
3 |
5 |
|
Shots
|
| Stars |
5 |
9 |
14 |
28 |
| Blue Jackets |
10 |
11 |
13 |
34 |
|
1st period
1. Blue Jackets , Jan Bulis 13 (Ramzi Abid, Jason Ward) at 16:13
Penalties :
Blake Wheeler (Clb) for Hooking (Minor) at 3:48
2nd period
2. Stars , Bryan Berard 2 (Tomas Plekanec, Milan Michalek) at 5:28
3. Blue Jackets , Ramzi Abid 17 (Jan Bulis, Kevin Bieksa) at 15:41
Penalties :
Pavel Kubina (Dal) for Goalie Interference (Minor) at 0:54, Alexei Morozov (Dal) for Tripping (Minor) at 5:34
3rd period
4. Stars , Shane Doan 8 (Pavel Kubina, Henrik Sedin) at 0:32
5. Blue Jackets , David Booth 25 (Blake Wheeler, Marc Savard) at 3:17
6. Blue Jackets , Jeff Taffe 9 (Andreas Nodl, Dave Steckel) at 7:48
7. Stars , Milan Michalek 11 (Shane Doan, Tomas Plekanec) at 10:06
8. Blue Jackets , Jan Bulis 14 (Ramzi Abid) at 11:05
Penalties :
Dave Steckel (Clb) for Holding Stick (Minor) at 17:23
Goalie Stats
Pascal Leclaire (Dal), 29 saves from 34 shots - (0,853), L, 12-13-2, 60:00 minutes
Rick DiPietro (Clb), 25 saves from 28 shots - (0,893), W, 17-9-4, 60:00 minutes
Players Stats for Stars
Player Name G A P +/- PIM S H SB GA TA FO MP PP MP PK MP
------------------------------------------------------------------------------------
Alexei Morozov 0 0 0 -1 2 2 0 0 2 0 0/1 19:51 2:12 0:51
Brendan Bell 0 0 0 -1 0 0 2 1 0 1 0/0 16:12 1:21 0:44
Bryan Berard 1 0 1 1 0 2 1 0 0 0 0/0 21:22 1:31 1:38
Daniel Sedin 0 0 0 -1 0 2 0 1 0 0 0/0 20:13 2:12 1:41
Éric Belanger 0 0 0 -1 0 2 0 0 0 0 3/7 14:10 0:13 0:34
Evgeny Artyukhin 0 0 0 -1 0 1 0 0 0 0 0/2 12:24 0:00 0:00
Filip Novak 0 0 0 -1 0 0 0 0 0 0 0/0 11:32 0:00 0:32
Henrik Sedin 0 1 1 -1 0 4 2 2 0 1 17/30 23:56 1:59 1:49
Jan Hlavac 0 0 0 0 0 0 3 1 0 0 0/0 6:14 0:00 0:59
John Tavares 0 0 0 0 0 0 0 0 0 0 1/1 8:16 0:00 1:43
Marty Reasoner 0 0 0 0 0 0 0 0 0 0 0/0 0:00 0:00 0:00
Matthew Spiller 0 0 0 -2 0 0 0 1 1 1 0/0 22:34 1:06 2:20
Milan Michalek 1 1 2 0 0 4 2 2 0 0 1/1 19:20 1:46 0:04
Pavel Kubina 0 1 1 -2 2 2 2 2 1 2 0/0 27:04 2:27 1:04
Randy Jones 0 0 0 1 0 1 0 1 0 0 0/0 21:37 1:31 1:38
Sean Avery 0 0 0 -1 0 2 0 0 0 0 0/0 13:04 0:00 0:00
Shane Doan 1 1 2 0 0 2 2 1 2 0 1/1 19:13 1:46 0:15
Tomas Plekanec 0 2 2 0 0 4 2 0 0 0 3/7 18:58 1:46 0:00
Players Stats for Blue Jackets
Player Name G A P +/- PIM S H SB GA TA FO MP PP MP PK MP
------------------------------------------------------------------------------------
A.J Thelen 0 0 0 1 0 1 2 0 0 0 0/0 12:10 0:00 0:00
Adam Deadmarsh 0 0 0 0 0 0 0 0 0 0 0/0 11:18 0:05 0:00
Andreas Nodl 0 1 1 1 0 3 1 0 0 0 0/0 7:27 0:00 0:00
Blake Wheeler 0 1 1 0 2 1 2 0 0 0 0/2 20:17 2:02 0:15
Brad Stuart 0 0 0 0 0 1 1 0 0 1 0/0 20:57 1:42 1:42
Chris Kelly 0 0 0 0 0 4 2 0 0 0 3/4 14:55 1:51 1:26
Dave Steckel 0 1 1 1 2 1 1 0 0 1 0/2 8:29 0:00 0:21
David Booth 1 0 1 0 0 6 4 0 1 1 3/3 21:51 2:02 1:53
François Beauchemin 0 0 0 0 0 1 2 0 1 0 0/0 20:57 1:42 1:42
Jan Bulis 2 1 3 1 0 6 4 0 1 0 5/11 15:08 0:05 0:00
Jason Ward 0 1 1 1 0 0 1 0 0 0 0/0 16:37 1:51 0:00
Jeff Taffe 1 0 1 1 0 2 0 0 0 1 1/1 9:33 0:00 1:29
Kevin Bieksa 0 1 1 1 0 0 1 0 1 0 0/0 26:53 2:16 2:16
Marc Savard 0 1 1 0 0 5 3 0 0 0 12/27 21:51 2:02 1:53
Marcus Nilson 0 0 0 0 0 1 0 0 0 0 0/0 13:26 1:51 0:39
Mike Commodore 0 0 0 1 0 0 0 0 0 0 0/0 12:10 0:00 0:00
Ramzi Abid 1 2 3 1 0 1 2 0 1 0 0/0 15:08 0:05 0:00
Wade Redden 0 0 0 1 0 1 3 0 0 2 0/0 26:53 2:16 2:16
3 Stars
1 - Jan Bulis (Clb)
2 - Ramzi Abid (Clb)
3 - Milan Michalek (Dal)
Power Play
Stars - 0 on 2 Attempt(s) - 0,00%
Blue Jackets - 0 on 2 Attempt(s) - 0,00%
Penalty Kill
Stars - 2 on 2 Attempt(s) - 100,00%
- Score 0 goal in Penalty Kill
Blue Jackets - 2 on 2 Attempt(s) - 100,00%
- Score 0 goal in Penalty Kill
Official
Referees : Banfield David and VanMassenhoven Don
Linesman : Don Henderson and Brad Kovachik
Game Notes
7:48 of 3rd period - Blue Jackets goal is going for a video replay. After video review, Goal.
Matthew Spiller is injured at 9:01 of 3rd period (Sprained Left Finger)
Finance
Level 1 -- Attendance: 5034 (83,90%) -- Ticket Income 453 060 $
Level 2 -- Attendance: 4061 (81,22%) -- Ticket Income 223 355 $
Level 3 -- Attendance: 1811 (90,55%) -- Ticket Income 54 330 $
Level 4 -- Attendance: 3818 (95,45%) -- Ticket Income 76 360 $
Luxury Box -- Attendance: 712 (71,20%) -- Ticket Income 131 720 $
Game was played at the Ohio State Arena
Total Attendance: 15436 (85,76%)
Total Ticket Income: 938 825 $
Other Income: 140 824 $
Total Income: 1 079 649 $
Stars
5 vs 5 Forward
Center Left Wing Right Wing Time % Phy DF OF
1 Henrik Sedin Daniel Sedin Alexei Morozov 40 1 2 2
2 Tomas Plekanec Milan Michalek Shane Doan 30 1 2 2
3 Éric Belanger Sean Avery Evgeny Artyukhin 20 1 2 2
4 John Tavares Jan Hlavac Henrik Sedin 10 1 2 2
5 vs 5 Defense
Defense Defense Time % Phy DF OF
1 Pavel Kubina Matthew Spiller 40 1 2 2
2 Randy Jones Bryan Berard 30 1 2 2
3 Brendan Bell Filip Novak 20 1 2 2
4 Pavel Kubina Matthew Spiller 10 1 2 2
PowerPlay Forward
Center Left Wing Right Wing Time % Phy DF OF
1 Henrik Sedin Daniel Sedin Alexei Morozov 60 1 2 2
2 Tomas Plekanec Milan Michalek Shane Doan 40 1 2 2
PowerPlay Defense
Defense Defense Time % Phy DF OF
1 Pavel Kubina Matthew Spiller 60 1 2 2
2 Randy Jones Bryan Berard 40 1 2 2
Penalty Kill 4 Players Forward
Center Wing Time % Phy DF OF
1 Henrik Sedin Alexei Morozov 60 1 2 2
2 Shane Doan Daniel Sedin 40 1 2 2
Penalty Kill 4 Players Defense
Defense Defense Time % Phy DF OF
1 Pavel Kubina Matthew Spiller 60 1 2 2
2 Randy Jones Bryan Berard 40 1 2 2
Penalty Kill - 3 Players Forward
Forward Time % Phy DF OF
1 Henrik Sedin 60 1 2 2
2 Alexei Morozov 40 1 2 2
Penalty Kill - 3 Players Defense
Defense Defense Time % Phy DF OF
1 Pavel Kubina Matthew Spiller 60 1 2 2
2 Randy Jones Bryan Berard 40 1 2 2
4 vs 4 Forward
Center Wing Time % Phy DF OF
1 Henrik Sedin Alexei Morozov 60 1 2 2
2 Shane Doan Daniel Sedin 40 1 2 2
4 vs 4 Defense
Defense Defense Time % Phy DF OF
1 Pavel Kubina Matthew Spiller 60 1 2 2
2 Randy Jones Bryan Berard 40 1 2 2
Last Minutes Offensive
Center Left Wing Right Wing Defense Defense
Henrik Sedin Daniel Sedin Alexei Morozov Pavel Kubina Matthew Spiller
Last Minutes Defensive
Center Left Wing Right Wing Defense Defense
Henrik Sedin Daniel Sedin Alexei Morozov Pavel Kubina Matthew Spiller
Goaltenders
Starting : Pascal Leclaire
Backup : Patrick Lalime
Extra Forwards
Normal : Éric Belanger, Sean Avery, John Tavares - PP : Éric Belanger, Sean Avery - PK : John Tavares
Extra Defensemen
Normal : Brendan Bell, Filip Novak, Randy Jones - PP : Brendan Bell - PK : Filip Novak, Randy Jones
Penalty Shots
Henrik Sedin, Alexei Morozov, Shane Doan, Daniel Sedin, Tomas Plekanec
Blue Jackets
5 vs 5 Forward
Center Left Wing Right Wing Time % Phy DF OF
1 Marc Savard David Booth Blake Wheeler 40 1 2 2
2 Jan Bulis Ramzi Abid Jason Ward 30 1 2 2
3 Chris Kelly Marcus Nilson Adam Deadmarsh 20 1 2 2
4 Dave Steckel Jeff Taffe Andreas Nodl 10 1 2 2
5 vs 5 Defense
Defense Defense Time % Phy DF OF
1 Wade Redden Kevin Bieksa 40 1 2 2
2 François Beauchemin Brad Stuart 30 1 2 2
3 Mike Commodore A.J Thelen 20 1 2 2
4 Wade Redden Kevin Bieksa 10 1 2 2
PowerPlay Forward
Center Left Wing Right Wing Time % Phy DF OF
1 Marc Savard David Booth Blake Wheeler 60 1 2 2
2 Chris Kelly Marcus Nilson Jason Ward 40 1 2 2
PowerPlay Defense
Defense Defense Time % Phy DF OF
1 Wade Redden Kevin Bieksa 60 1 2 2
2 François Beauchemin Brad Stuart 40 1 2 2
Penalty Kill 4 Players Forward
Center Wing Time % Phy DF OF
1 Marc Savard David Booth 60 1 2 2
2 Blake Wheeler Chris Kelly 40 1 2 2
Penalty Kill 4 Players Defense
Defense Defense Time % Phy DF OF
1 Wade Redden Kevin Bieksa 60 1 2 2
2 François Beauchemin Brad Stuart 40 1 2 2
Penalty Kill - 3 Players Forward
Forward Time % Phy DF OF
1 Marc Savard 60 1 2 2
2 David Booth 40 1 2 2
Penalty Kill - 3 Players Defense
Defense Defense Time % Phy DF OF
1 Wade Redden Kevin Bieksa 60 1 2 2
2 François Beauchemin Brad Stuart 40 1 2 2
4 vs 4 Forward
Center Wing Time % Phy DF OF
1 Marc Savard David Booth 60 1 2 2
2 Blake Wheeler Chris Kelly 40 1 2 2
4 vs 4 Defense
Defense Defense Time % Phy DF OF
1 Wade Redden Kevin Bieksa 60 1 2 2
2 François Beauchemin Brad Stuart 40 1 2 2
Last Minutes Offensive
Center Left Wing Right Wing Defense Defense
Marc Savard David Booth Blake Wheeler Wade Redden Kevin Bieksa
Last Minutes Defensive
Center Left Wing Right Wing Defense Defense
Marc Savard David Booth Blake Wheeler Wade Redden Kevin Bieksa
Goaltenders
Starting : Rick DiPietro
Backup : Mathieu Garon
Extra Forwards
Normal : Ramzi Abid, Jan Bulis, Jeff Taffe - PP : Ramzi Abid, Jan Bulis - PK : Jeff Taffe
Extra Defensemen
Normal : Mike Commodore, A.J Thelen, François Beauchemin - PP : Mike Commodore - PK : A.J Thelen, François Beauchemin
Penalty Shots
Marc Savard, David Booth, Blake Wheeler, Chris Kelly, Marcus Nilson
% Time on Ice - Stars
Lines # - Real PCT - Wanted PCT - Time Play
Normal Forward
1 - 34% - 40% - 17:35
2 - 33% - 30% - 17:12
3 - 24% - 20% - 12:24
4 - 9% - 10% - 4:53
Normal Defense
1 - 39% - 40% - 20:05
2 - 35% - 30% - 18:13
3 - 20% - 20% - 10:12
4 - 7% - 10% - 3:34
PP Forward
1 - 55% - 60% - 2:12
2 - 45% - 40% - 1:46
PP Defense
1 - 62% - 60% - 2:27
2 - 38% - 40% - 1:31
PK Forward
1 - 94% - 60% - 3:43
2 - 6% - 40% - 0:15
PK Defense
1 - 59% - 60% - 2:20
2 - 41% - 40% - 1:38
PK3 Forward
1 - 0% - 60%
2 - 0% - 40%
PK3 Defense
1 - 0% - 60%
2 - 0% - 40%
44 Forward
1 - 0% - 60%
2 - 0% - 40%
44 Defense
1 - 0% - 60%
2 - 0% - 40%
Last Minute Offensive - 0:00
Last Minute Defensive - 0:00
Total
Forward - 60:00
Defense - 60:00
|
% Time on Ice - Blue Jackets
Lines # - Real PCT - Wanted PCT - Time Play
Normal Forward
1 - 36% - 40% - 18:50
2 - 29% - 30% - 14:51
3 - 21% - 20% - 10:56
4 - 14% - 10% - 7:27
Normal Defense
1 - 37% - 40% - 19:26
2 - 34% - 30% - 17:33
3 - 23% - 20% - 12:10
4 - 6% - 10% - 2:55
PP Forward
1 - 53% - 60% - 2:07
2 - 47% - 40% - 1:51
PP Defense
1 - 57% - 60% - 2:16
2 - 43% - 40% - 1:42
PK Forward
1 - 74% - 60% - 2:57
2 - 26% - 40% - 1:01
PK Defense
1 - 57% - 60% - 2:16
2 - 43% - 40% - 1:42
PK3 Forward
1 - 0% - 60%
2 - 0% - 40%
PK3 Defense
1 - 0% - 60%
2 - 0% - 40%
44 Forward
1 - 0% - 60%
2 - 0% - 40%
44 Defense
1 - 0% - 60%
2 - 0% - 40%
Last Minute Offensive - 0:00
Last Minute Defensive - 0:00
Total
Forward - 60:00
Defense - 60:00
|
Play by Play
1st period
0:01 of 1st period - Henrik Sedin wins face-off versus Marc Savard in neutral zone.
0:55 of 1st period - Snap shot by Chris Kelly.
0:55 of 1st period - Stopped by Pascal Leclaire with a rebound.
0:57 of 1st period - Slapshot by Wade Redden.
0:57 of 1st period - Stopped by Pascal Leclaire with a rebound.
2:14 of 1st period - Wrist shot by Marcus Nilson.
2:14 of 1st period - Shot Misses the Net.
2:16 of 1st period - Snap shot by A.J Thelen.
2:16 of 1st period - Shot Blocked by Pavel Kubina.
3:07 of 1st period - Wrist shot by Henrik Sedin.
3:07 of 1st period - Stopped by Rick DiPietro with a rebound.
3:13 of 1st period - Matthew Spiller is hit by Ramzi Abid.
3:37 of 1st period - Slapshot by Kevin Bieksa.
3:37 of 1st period - Shot Blocked by Randy Jones.
3:39 of 1st period - Slapshot by François Beauchemin.
3:39 of 1st period - Deflect By Chris Kelly.
3:39 of 1st period - Shot Misses the Net.
3:39 of 1st period - Puck is out of play.
3:40 of 1st period - Éric Belanger wins face-off versus Blake Wheeler in Stars zone.
3:48 of 1st period - Minor Penalty to Blake Wheeler for Hooking.
3:49 of 1st period - Marc Savard wins face-off versus Henrik Sedin in Blue Jackets zone.
4:13 of 1st period - Wade Redden is hit by Pavel Kubina and loses puck.
4:46 of 1st period - Brad Stuart is hit by Milan Michalek and loses puck.
5:25 of 1st period - Tomas Plekanec is hit by Brad Stuart.
5:48 of 1st period - Penalty to Blake Wheeler is over, Blake Wheeler is back on ice.
6:39 of 1st period - Slapshot by A.J Thelen.
6:39 of 1st period - Stopped by Pascal Leclaire with a rebound.
6:51 of 1st period - Slapshot by Marc Savard.
6:51 of 1st period - Deflect By David Booth.
6:51 of 1st period - Stopped by Pascal Leclaire with a rebound.
6:53 of 1st period - Wrist shot by Blake Wheeler.
6:53 of 1st period - Shot Misses the Net.
6:55 of 1st period - Slapshot by Blake Wheeler.
6:55 of 1st period - Shot Misses the Net.
7:44 of 1st period - Snap shot by Adam Deadmarsh.
7:44 of 1st period - Shot Misses the Net.
9:29 of 1st period - Pavel Kubina is hit by David Booth and loses puck.
10:00 of 1st period - Slapshot by Adam Deadmarsh.
10:00 of 1st period - Shot Misses the Net.
10:10 of 1st period - Wrist shot by John Tavares.
10:10 of 1st period - Shot Hit the Post.
10:36 of 1st period - Randy Jones is hit by Chris Kelly and loses puck.
11:57 of 1st period - Wrist shot by Marc Savard.
11:57 of 1st period - Stopped by Pascal Leclaire without a rebound.
11:58 of 1st period - Marc Savard wins face-off versus Éric Belanger in Stars zone.
13:01 of 1st period - Icing by Alexei Morozov.
13:02 of 1st period - John Tavares wins face-off versus Dave Steckel in Stars zone.
13:13 of 1st period - Wrist shot by Jeff Taffe.
13:13 of 1st period - Stopped by Pascal Leclaire with a rebound.
13:15 of 1st period - Snap shot by Andreas Nodl.
13:15 of 1st period - Shot Misses the Net.
13:17 of 1st period - Wrist shot by Brad Stuart.
13:17 of 1st period - Deflect By Henrik Sedin.
13:17 of 1st period - Stopped by Pascal Leclaire with a rebound.
13:27 of 1st period - Milan Michalek is hit by Marc Savard and loses puck.
14:13 of 1st period - Henrik Sedin is hit by Chris Kelly and loses puck.
14:32 of 1st period - Snap shot by David Booth.
14:32 of 1st period - Stopped by Pascal Leclaire without a rebound.
14:33 of 1st period - Shane Doan wins face-off versus Jan Bulis in Stars zone.
15:07 of 1st period - Chris Kelly is hit by Shane Doan and loses puck.
15:26 of 1st period - Snap shot by Tomas Plekanec.
15:26 of 1st period - Shot Misses the Net.
15:52 of 1st period - Wrist shot by Milan Michalek.
15:52 of 1st period - Deflect By Tomas Plekanec.
15:52 of 1st period - Shot Misses the Net.
15:52 of 1st period - Puck is out of play.
15:53 of 1st period - Jan Bulis wins face-off versus Henrik Sedin in Blue Jackets zone.
16:13 of 1st period - Snap shot by Jan Bulis.
16:13 of 1st period - Goal by Jan Bulis - Stars : 0 - Blue Jackets : 1.
16:14 of 1st period - Marc Savard wins face-off versus Henrik Sedin in neutral zone.
16:17 of 1st period - Matthew Spiller is hit by David Booth and loses puck.
17:11 of 1st period - Wrist shot by Éric Belanger.
17:11 of 1st period - Stopped by Rick DiPietro with a rebound.
17:13 of 1st period - Wrist shot by Sean Avery.
17:13 of 1st period - Stopped by Rick DiPietro without a rebound.
17:14 of 1st period - Jan Bulis wins face-off versus Henrik Sedin in Blue Jackets zone.
17:40 of 1st period - Henrik Sedin is hit by Andreas Nodl.
18:04 of 1st period - Snap shot by Tomas Plekanec.
18:04 of 1st period - Stopped by Rick DiPietro without a rebound.
18:05 of 1st period - Chris Kelly wins face-off versus Tomas Plekanec in Blue Jackets zone.
18:10 of 1st period - Milan Michalek is hit by Wade Redden and loses puck.
18:26 of 1st period - Snap shot by Chris Kelly.
18:26 of 1st period - Stopped by Pascal Leclaire without a rebound.
18:27 of 1st period - Éric Belanger wins face-off versus Marc Savard in Stars zone.
18:36 of 1st period - Evgeny Artyukhin is hit by Blake Wheeler and loses puck.
19:10 of 1st period - Icing by Matthew Spiller.
19:11 of 1st period - Henrik Sedin wins face-off versus Chris Kelly in Stars zone.
19:18 of 1st period - Wrist shot by Tomas Plekanec.
19:18 of 1st period - Stopped by Rick DiPietro without a rebound.
19:19 of 1st period - Tomas Plekanec wins face-off versus Marc Savard in Blue Jackets zone.
19:46 of 1st period - Jan Bulis is hit by Henrik Sedin and loses puck.
Goals for this period are 0 for Stars vs 1 for Blue Jackets.
Shots for this period are 5 for Stars vs 10 for Blue Jackets.
2nd period
0:01 of 2nd period - Henrik Sedin wins face-off versus Marc Savard in neutral zone.
0:35 of 2nd period - Snap shot by Alexei Morozov.
0:35 of 2nd period - Stopped by Rick DiPietro with a rebound.
0:54 of 2nd period - Minor Penalty to Pavel Kubina for Goalie Interference.
0:55 of 2nd period - David Booth wins face-off versus Henrik Sedin in Stars zone.
1:06 of 2nd period - Snap shot by Marc Savard.
1:06 of 2nd period - Stopped by Pascal Leclaire with a rebound.
2:38 of 2nd period - Brad Stuart is hit by Jan Hlavac and loses puck.
2:54 of 2nd period - Penalty to Pavel Kubina is over, Pavel Kubina is back on ice.
3:23 of 2nd period - Icing by Milan Michalek.
3:24 of 2nd period - Jan Bulis wins face-off versus Tomas Plekanec in Stars zone.
3:29 of 2nd period - Wrist shot by Ramzi Abid.
3:29 of 2nd period - Shot Blocked by Milan Michalek.
4:22 of 2nd period - Snap shot by Chris Kelly.
4:22 of 2nd period - Stopped by Pascal Leclaire without a rebound.
4:23 of 2nd period - Chris Kelly wins face-off versus Éric Belanger in Stars zone.
4:34 of 2nd period - Snap shot by Evgeny Artyukhin.
4:34 of 2nd period - Shot Misses the Net.
4:38 of 2nd period - Snap shot by Éric Belanger.
4:38 of 2nd period - Stopped by Rick DiPietro with a rebound.
5:12 of 2nd period - Slapshot by Milan Michalek.
5:12 of 2nd period - Shot Misses the Net.
5:14 of 2nd period - Slapshot by Milan Michalek.
5:14 of 2nd period - Stopped by Rick DiPietro without a rebound.
5:15 of 2nd period - Tomas Plekanec wins face-off versus Jan Bulis in Blue Jackets zone.
5:26 of 2nd period - Snap shot by Tomas Plekanec.
5:26 of 2nd period - Shot Misses the Net.
5:28 of 2nd period - Slapshot by Bryan Berard.
5:28 of 2nd period - Goal by Bryan Berard - Stars : 1 - Blue Jackets : 1.
5:29 of 2nd period - Marc Savard wins face-off versus Henrik Sedin in neutral zone.
5:31 of 2nd period - Off-side.
5:32 of 2nd period - Henrik Sedin wins face-off versus Marc Savard in neutral zone.
5:34 of 2nd period - Minor Penalty to Alexei Morozov for Tripping.
5:35 of 2nd period - Henrik Sedin wins face-off versus Marc Savard in Stars zone.
5:45 of 2nd period - John Tavares is hit by Marc Savard.
6:18 of 2nd period - John Tavares is hit by François Beauchemin.
6:56 of 2nd period - Jan Hlavac is hit by David Booth.
7:34 of 2nd period - Penalty to Alexei Morozov is over, Alexei Morozov is back on ice.
7:46 of 2nd period - Alexei Morozov is hit by Jan Bulis and loses puck.
8:41 of 2nd period - Wrist shot by Henrik Sedin.
8:41 of 2nd period - Stopped by Rick DiPietro without a rebound.
8:42 of 2nd period - Henrik Sedin wins face-off versus Jan Bulis in Blue Jackets zone.
9:03 of 2nd period - Wrist shot by David Booth.
9:03 of 2nd period - Stopped by Pascal Leclaire without a rebound.
9:04 of 2nd period - Marc Savard wins face-off versus Evgeny Artyukhin in Stars zone.
10:20 of 2nd period - Slapshot by Evgeny Artyukhin.
10:20 of 2nd period - Shot Misses the Net.
10:44 of 2nd period - Slapshot by Brad Stuart.
10:44 of 2nd period - Shot Blocked by Jan Hlavac.
10:46 of 2nd period - Slapshot by Brad Stuart.
10:46 of 2nd period - Shot Blocked by Matthew Spiller.
10:48 of 2nd period - Slapshot by Brad Stuart.
10:48 of 2nd period - Deflect By David Booth.
10:48 of 2nd period - Stopped by Pascal Leclaire with a rebound.
10:50 of 2nd period - Snap shot by Marc Savard.
10:50 of 2nd period - Shot Misses the Net.
10:52 of 2nd period - Slapshot by François Beauchemin.
10:52 of 2nd period - Shot Misses the Net.
11:02 of 2nd period - Slapshot by Tomas Plekanec.
11:02 of 2nd period - Stopped by Rick DiPietro with a rebound.
11:18 of 2nd period - Snap shot by Henrik Sedin.
11:18 of 2nd period - Deflect By Marcus Nilson.
11:18 of 2nd period - Stopped by Rick DiPietro with a rebound.
11:28 of 2nd period - Randy Jones is hit by A.J Thelen.
11:52 of 2nd period - Milan Michalek is hit by Jan Bulis and loses puck.
12:09 of 2nd period - Snap shot by Daniel Sedin.
12:09 of 2nd period - Stopped by Rick DiPietro with a rebound.
13:35 of 2nd period - Snap shot by Marcus Nilson.
13:35 of 2nd period - Stopped by Pascal Leclaire with a rebound.
13:47 of 2nd period - Matthew Spiller is hit by Blake Wheeler and loses puck.
14:04 of 2nd period - Pavel Kubina is hit by Dave Steckel and loses puck.
14:09 of 2nd period - Wrist shot by Andreas Nodl.
14:09 of 2nd period - Stopped by Pascal Leclaire with a rebound.
14:11 of 2nd period - Wrist shot by François Beauchemin.
14:11 of 2nd period - Deflect By Pavel Kubina.
14:11 of 2nd period - Stopped by Pascal Leclaire without a rebound.
14:12 of 2nd period - Marc Savard wins face-off versus Éric Belanger in Stars zone.
14:37 of 2nd period - Jan Bulis is hit by Shane Doan and loses puck.
15:02 of 2nd period - Snap shot by Chris Kelly.
15:02 of 2nd period - Stopped by Pascal Leclaire with a rebound.
15:06 of 2nd period - Wrist shot by Marcus Nilson.
15:06 of 2nd period - Shot Blocked by Daniel Sedin.
15:08 of 2nd period - Snap shot by Adam Deadmarsh.
15:08 of 2nd period - Deflect By Henrik Sedin.
15:08 of 2nd period - Shot Blocked by Henrik Sedin.
15:08 of 2nd period - Puck is out of play.
15:09 of 2nd period - Milan Michalek wins face-off versus Marc Savard in Stars zone.
15:09 of 2nd period - Milan Michalek is hit by David Booth.
15:41 of 2nd period - Wrist shot by Ramzi Abid.
15:41 of 2nd period - Goal by Ramzi Abid - Stars : 1 - Blue Jackets : 2.
15:42 of 2nd period - Henrik Sedin wins face-off versus Marc Savard in neutral zone.
15:56 of 2nd period - Snap shot by Alexei Morozov.
15:56 of 2nd period - Stopped by Rick DiPietro with a rebound.
16:08 of 2nd period - Jason Ward is hit by Pavel Kubina and loses puck.
16:17 of 2nd period - Slapshot by François Beauchemin.
16:17 of 2nd period - Shot Blocked by Milan Michalek.
17:01 of 2nd period - Jan Hlavac is hit by A.J Thelen and loses puck.
17:32 of 2nd period - Evgeny Artyukhin is hit by Jason Ward and loses puck.
17:39 of 2nd period - Backhand shot by Jan Bulis.
17:39 of 2nd period - Stopped by Pascal Leclaire without a rebound.
17:40 of 2nd period - Henrik Sedin wins face-off versus Jan Bulis in Stars zone.
18:05 of 2nd period - Shane Doan is hit by Marc Savard and loses puck.
18:34 of 2nd period - Adam Deadmarsh is hit by Jan Hlavac and loses puck.
19:01 of 2nd period - Wrist shot by Dave Steckel.
19:01 of 2nd period - Shot Blocked by Shane Doan.
19:03 of 2nd period - Snap shot by Andreas Nodl.
19:03 of 2nd period - Stopped by Pascal Leclaire without a rebound.
19:04 of 2nd period - Marc Savard wins face-off versus Evgeny Artyukhin in Stars zone.
Goals for this period are 1 for Stars vs 1 for Blue Jackets.
Shots for this period are 9 for Stars vs 11 for Blue Jackets.
3rd period
0:01 of 3rd period - Henrik Sedin wins face-off versus Blake Wheeler in neutral zone.
0:03 of 3rd period - Pavel Kubina is hit by Kevin Bieksa.
0:30 of 3rd period - Pavel Kubina is hit by Wade Redden.
0:32 of 3rd period - Snap shot by Shane Doan.
0:32 of 3rd period - Goal by Shane Doan - Stars : 2 - Blue Jackets : 2.
0:33 of 3rd period - Henrik Sedin wins face-off versus Marc Savard in neutral zone.
1:00 of 3rd period - Matthew Spiller is hit by Jan Bulis and loses puck.
2:06 of 3rd period - Slapshot by Pavel Kubina.
2:06 of 3rd period - Stopped by Rick DiPietro with a rebound.
2:08 of 3rd period - Wrist shot by Milan Michalek.
2:08 of 3rd period - Stopped by Rick DiPietro with a rebound.
2:18 of 3rd period - Jason Ward is hit by Henrik Sedin and loses puck.
2:41 of 3rd period - Snap shot by Evgeny Artyukhin.
2:41 of 3rd period - Shot Misses the Net.
2:43 of 3rd period - Slapshot by Pavel Kubina.
2:43 of 3rd period - Stopped by Rick DiPietro with a rebound.
2:55 of 3rd period - Wrist shot by Henrik Sedin.
2:55 of 3rd period - Stopped by Rick DiPietro with a rebound.
3:13 of 3rd period - Wrist shot by Marc Savard.
3:13 of 3rd period - Deflect By Blake Wheeler.
3:13 of 3rd period - Stopped by Pascal Leclaire with a rebound.
3:15 of 3rd period - Wrist shot by Blake Wheeler.
3:15 of 3rd period - Shot Blocked by Brendan Bell.
3:17 of 3rd period - Snap shot by David Booth.
3:17 of 3rd period - Goal by David Booth - Stars : 2 - Blue Jackets : 3.
3:18 of 3rd period - Marc Savard wins face-off versus Henrik Sedin in neutral zone.
3:45 of 3rd period - Kevin Bieksa is hit by Milan Michalek and loses puck.
4:19 of 3rd period - Slapshot by Sean Avery.
4:19 of 3rd period - Stopped by Rick DiPietro without a rebound.
4:20 of 3rd period - David Booth wins face-off versus Henrik Sedin in Blue Jackets zone.
4:33 of 3rd period - Wrist shot by David Booth.
4:33 of 3rd period - Stopped by Pascal Leclaire without a rebound.
4:34 of 3rd period - Henrik Sedin wins face-off versus Marc Savard in Stars zone.
4:48 of 3rd period - Off-side.
4:49 of 3rd period - Jan Bulis wins face-off versus Henrik Sedin in neutral zone.
4:54 of 3rd period - Snap shot by Jason Ward.
4:54 of 3rd period - Deflect By Jan Bulis.
4:54 of 3rd period - Shot Misses the Net.
4:54 of 3rd period - Puck is out of play.
4:55 of 3rd period - Henrik Sedin wins face-off versus Jan Bulis in Stars zone.
4:55 of 3rd period - Henrik Sedin is hit by Wade Redden.
5:01 of 3rd period - Wrist shot by Jan Bulis.
5:01 of 3rd period - Stopped by Pascal Leclaire with a rebound.
5:03 of 3rd period - Snap shot by Kevin Bieksa.
5:03 of 3rd period - Shot Blocked by Henrik Sedin.
5:05 of 3rd period - Wrist shot by Jan Bulis.
5:05 of 3rd period - Stopped by Pascal Leclaire without a rebound.
5:06 of 3rd period - Henrik Sedin wins face-off versus Marc Savard in Stars zone.
6:02 of 3rd period - Backhand shot by Evgeny Artyukhin.
6:02 of 3rd period - Stopped by Rick DiPietro with a rebound.
6:14 of 3rd period - Wrist shot by Jeff Taffe.
6:14 of 3rd period - Shot Misses the Net.
6:16 of 3rd period - Snap shot by Dave Steckel.
6:16 of 3rd period - Deflect By Jeff Taffe.
6:16 of 3rd period - Shot Misses the Net.
6:16 of 3rd period - Puck is out of play.
6:17 of 3rd period - Jeff Taffe wins face-off versus Henrik Sedin in Stars zone.
6:44 of 3rd period - Brad Stuart is hit by Brendan Bell and loses puck.
7:09 of 3rd period - Evgeny Artyukhin is hit by Ramzi Abid and loses puck.
7:30 of 3rd period - Slapshot by John Tavares.
7:30 of 3rd period - Shot Misses the Net.
7:46 of 3rd period - Snap shot by Andreas Nodl.
7:46 of 3rd period - Shot Blocked by Pavel Kubina.
7:48 of 3rd period - Snap shot by Jeff Taffe.
7:48 of 3rd period - Blue Jackets goal is going for a video replay.
7:48 of 3rd period - The goal is good.
7:48 of 3rd period - Goal by Jeff Taffe - Stars : 2 - Blue Jackets : 4.
7:49 of 3rd period - Henrik Sedin wins face-off versus Marc Savard in neutral zone.
8:46 of 3rd period - Snap shot by Marc Savard.
8:46 of 3rd period - Stopped by Pascal Leclaire without a rebound.
8:47 of 3rd period - Henrik Sedin wins face-off versus Jan Bulis in Stars zone.
8:52 of 3rd period - Backhand shot by Daniel Sedin.
8:52 of 3rd period - Stopped by Rick DiPietro with a rebound.
9:00 of 3rd period - Matthew Spiller is hit by Jan Bulis and loses puck.
9:01 of 3rd period - Matthew Spiller from Stars is injured at 9:01 of 3rd period (Sprained Left Finger).
9:02 of 3rd period - Marc Savard wins face-off versus Alexei Morozov in Stars zone.
9:27 of 3rd period - Jan Bulis is hit by Tomas Plekanec.
9:35 of 3rd period - Wrist shot by Jason Ward.
9:35 of 3rd period - Deflect By Jan Bulis.
9:35 of 3rd period - Stopped by Pascal Leclaire with a rebound.
9:38 of 3rd period - Icing by Brendan Bell.
9:39 of 3rd period - Marc Savard wins face-off versus Tomas Plekanec in Stars zone.
9:46 of 3rd period - Snap shot by Marc Savard.
9:46 of 3rd period - Stopped by Pascal Leclaire with a rebound.
10:04 of 3rd period - Backhand shot by Shane Doan.
10:04 of 3rd period - Deflect By Milan Michalek.
10:04 of 3rd period - Stopped by Rick DiPietro with a rebound.
10:06 of 3rd period - Wrist shot by Milan Michalek.
10:06 of 3rd period - Goal by Milan Michalek - Stars : 3 - Blue Jackets : 4.
10:07 of 3rd period - Henrik Sedin wins face-off versus Marc Savard in neutral zone.
10:35 of 3rd period - Snap shot by Marc Savard.
10:35 of 3rd period - Stopped by Pascal Leclaire with a rebound.
10:47 of 3rd period - Slapshot by Bryan Berard.
10:47 of 3rd period - Stopped by Rick DiPietro with a rebound.
10:49 of 3rd period - Snap shot by Randy Jones.
10:49 of 3rd period - Stopped by Rick DiPietro without a rebound.
10:50 of 3rd period - Jan Bulis wins face-off versus Tomas Plekanec in Blue Jackets zone.
11:05 of 3rd period - Snap shot by Jan Bulis.
11:05 of 3rd period - Goal by Jan Bulis - Stars : 3 - Blue Jackets : 5.
11:06 of 3rd period - David Booth wins face-off versus Henrik Sedin in neutral zone.
11:48 of 3rd period - Icing by Jan Bulis.
11:49 of 3rd period - Chris Kelly wins face-off versus Éric Belanger in Blue Jackets zone.
12:45 of 3rd period - Slapshot by Shane Doan.
12:45 of 3rd period - Stopped by Rick DiPietro with a rebound.
12:47 of 3rd period - Snap shot by Tomas Plekanec.
12:47 of 3rd period - Stopped by Rick DiPietro without a rebound.
12:48 of 3rd period - Marc Savard wins face-off versus Henrik Sedin in Blue Jackets zone.
12:48 of 3rd period - Marc Savard is hit by Bryan Berard.
13:14 of 3rd period - Ramzi Abid is hit by Tomas Plekanec and loses puck.
13:54 of 3rd period - Wade Redden is hit by Jan Hlavac and loses puck.
14:01 of 3rd period - Slapshot by Andreas Nodl.
14:01 of 3rd period - Stopped by Pascal Leclaire without a rebound.
14:02 of 3rd period - Tomas Plekanec wins face-off versus Marc Savard in Stars zone.
14:15 of 3rd period - Wrist shot by Marc Savard.
14:15 of 3rd period - Shot Misses the Net.
14:17 of 3rd period - Slapshot by François Beauchemin.
14:17 of 3rd period - Shot Misses the Net.
14:34 of 3rd period - Jason Ward is hit by Brendan Bell and loses puck.
15:54 of 3rd period - Icing by Blake Wheeler.
15:55 of 3rd period - Éric Belanger wins face-off versus Marc Savard in Blue Jackets zone.
15:58 of 3rd period - Snap shot by Éric Belanger.
15:58 of 3rd period - Shot Misses the Net.
16:56 of 3rd period - Off-side.
16:57 of 3rd period - Henrik Sedin wins face-off versus Dave Steckel in neutral zone.
17:23 of 3rd period - Minor Penalty to Dave Steckel for Holding Stick.
17:24 of 3rd period - Marc Savard wins face-off versus Henrik Sedin in Blue Jackets zone.
18:04 of 3rd period - Daniel Sedin is hit by François Beauchemin and loses puck.
19:23 of 3rd period - Penalty to Dave Steckel is over, Dave Steckel is back on ice.
19:33 of 3rd period - Backhand shot by Mike Commodore.
19:33 of 3rd period - Shot Misses the Net.
19:35 of 3rd period - Slapshot by Dave Steckel.
19:35 of 3rd period - Shot Misses the Net.
19:39 of 3rd period - Wrist shot by Dave Steckel.
19:39 of 3rd period - Stopped by Pascal Leclaire with a rebound.
Goals for this period are 2 for Stars vs 3 for Blue Jackets.
Shots for this period are 14 for Stars vs 13 for Blue Jackets.
Output by the SimonT Hockey Simulator (STHS) for François Prévost -- Original Page W3C XHTML 1.0 Valid